 Dungeon Crawl Stone Soup version 0.19.4-8-ga85b6b9 (webtiles) character file.

172 Gargoyl the Skirmisher (level 5, -2/45 HPs)
             Began as a Ghoul Abyssal Knight on Feb 9, 2017.
             Was a Believer of Lugonu.
             Slain by a water moccasin (7 damage)
             ... on level 3 of the Dungeon.
             The game lasted 00:06:43 (2688 turns).

Gargoyl the Skirmisher (Ghoul Abyssal Knight)       Turns: 2688, Time: 00:06:43

Health: -2/45      AC:  9    Str: 16    XL:     5   Next: 53%
Magic:  6/6        EV: 10    Int:  7    God:    Lugonu [**....]
Gold:   127        SH:  0    Dex:  9    Spells: 0 memorised, 4 levels left

rFire  . . .     SeeInvis .     d - +0 great mace (protect)
rCold  + . .     Gourm    .     i - +0 scale mail
rNeg   + + +     Faith    .     (shield currently unavailable)
rPois  ∞         Spirit   .     (no helmet)
rElec  .         Reflect  .     (no cloak)
rCorr  .         Harm     .     (no gloves)
MR     .....                    (no boots)
Stlth  ..........               (no amulet)
                                (no ring)
                                h - +3 ring of protection

@: rotting
A: rotting body, claws 1, carnivore 3, cold resistance 1, negative energy
resistance 3, slow regeneration 1, torment resistance, unbreathing
a: Depart the Abyss, Bend Space, Renounce Religion


You were on level 3 of the Dungeon.
You worshipped Lugonu.
Lugonu was pleased with you.
You were not hungry.

You visited 1 branch of the dungeon, and saw 3 of its levels.
You visited the Abyss 1 time.

You collected 127 gold pieces.

Inventory:

Hand Weapons
 a - a +1 hand axe
 d - a +0 great mace of protection (weapon)
Armour
 i - a +0 scale mail (worn)
Jewellery
 h - a +3 ring of protection (left claw)
Wands
 o - a wand of flame (29/48)
Scrolls
 b - 6 scrolls of identify
Comestibles
 c - a meat ration


   Skills:
 + Level 3.6 Fighting
 + Level 1.9(2.4) Axes
 + Level 2.1(2.5) Maces & Flails
 * Level 3.1 Armour
 + Level 1.7 Dodging
 * Level 3.1 Invocations


You had 4 spell levels left.
You didn't know any spells.

Dungeon Overview and Level Annotations

Branches:
Dungeon (3/15)

Altars:
Ru
Vehumet


Innate Abilities, Weirdness & Mutations

Your body is rotting away.
You thrive on raw meat.
You are immune to poison.
You have sharp fingernails.
You are carnivorous and can eat meat at any time.
Your flesh is cold resistant. (rC+)
You are immune to negative energy. (rN+++)
You regenerate slowly when monsters are visible.
You are immune to unholy pain and torment.
You can survive without breathing.


Message History

The water moccasin bites you but does no damage. x2
The water moccasin barely misses you.
You closely miss the water moccasin. The water moccasin closely misses you.
The water moccasin bites you.
Your scale mail prevents you from hitting the water moccasin.
The water moccasin bites you.
* * * LOW HITPOINT WARNING * * *
The water moccasin barely misses you.
You closely miss the water moccasin. The water moccasin closely misses you.
The water moccasin bites you.
* * * LOW HITPOINT WARNING * * *
You closely miss the water moccasin.
The water moccasin bites you but does no damage.
The water moccasin bites you.
* * * LOW HITPOINT WARNING * * *
Okay, then.
You aren't carrying any potions.
Okay, then.
You closely miss the water moccasin. The water moccasin bites you!
You die...

#......# #......#
#......# ###......#
.........#####
.............#
.............#
....>........######
..............SS@.+
...=..######.######
......# #..#
....... ##.##
....... #..# ###
........ ##.#####
#.# #.#...# #.#
#.....# #.# ##....#
#.#


You could see a water moccasin and an adder.

Vanquished Creatures
  Terence (D:3)
  Natasha (D:3)
  4 adders (D:2)
  2 worms (D:2)
  3 dart slugs (D:1)
  5 leopard geckos
  A ball python (D:2)
  6 giant cockroaches (D:1)
  6 goblins
  11 hobgoblins
  6 jackals
  3 kobolds
  A quokka (D:2)
  8 bats
  7 frilled lizards
  4 rats
69 creatures vanquished.

Notes
Turn   | Place    | Note
-------+----------+-------------------------------------------
     0 | Abyss:1  | Gargoyl the Ghoul Abyssal Knight began the quest for the Orb.
     0 | Abyss:1  | Reached XP level 1. HP: 19/19 MP: 1/1
     3 | Abyss:1  | Found a corrupted altar of Lugonu.
    18 | Abyss:3  | Found a corrupted altar of Lugonu.
    45 | Abyss:3  | Noticed an ancient zyme
    53 | Abyss:3  | Noticed a large abomination
    60 | Abyss:3  | Noticed an apocalypse crab
    60 | D:1      | Escaped the Abyss
   101 | D:1      | Reached skill level 1 in Dodging
   191 | D:1      | Reached XP level 2. HP: 26/26 MP: 2/2
   270 | D:1      | Reached * piety under Lugonu
   413 | D:1      | Reached XP level 3. HP: 12/30 MP: 3/3
   600 | D:1      | Reached skill level 1 in Maces & Flails
  1288 | D:2      | Found a sacrificial altar of Ru.
  1307 | D:2      | Reached XP level 4. HP: 19/38 MP: 4/4
  1469 | D:2      | Reached ** piety under Lugonu
  1535 | D:2      | Found a faded altar of an unknown god.
  1535 | D:2      | Found a radiant altar of Vehumet.
  1540 | D:2      | Found a faded altar of an unknown god.
  1542 | D:2      | Found a faded altar of an unknown god.
  1546 | D:2      | Found a faded altar of an unknown god.
  2108 | D:2      | Reached XP level 5. HP: 42/45 MP: 6/6
  2505 | D:3      | Noticed Terence
  2516 | D:3      | Killed Terence
  2623 | D:3      | Noticed Natasha
  2655 | D:3      | Killed Natasha
  2669 | D:3      | Noticed a water moccasin
  2688 | D:3      | Slain by a water moccasin

Skill      XL: |  1  2  3  4  5 |
---------------+----------------+-----
Dodging        | 1 |  1.7
Armour         | 2 3 |  3.1
Maces & Flails | 1 2 |  2.1
Invocations    | 3 |  3.1
Fighting       | |  3.6
Axes           | |  1.9

Action                   |  1- 3 |  4- 6 || total
-------------------------+-------+-------++-------
Melee: Great mace        |   225 |   169 ||   394
Invok: Depart the Abyss  |     1 |       ||     1
  Use: Scroll            |     7 |     3 ||    10
       Potion            |       |     5 ||     5
  Eat: Chunk             |    11 |    10 ||    21
Armor: Leather armour    |    43 |       ||    43
       Ring mail         |   185 |   106 ||   291
       Scale mail        |       |    36 ||    36
Dodge: Dodged            |   210 |   169 ||   379
